 Dungeon Crawl Stone Soup version 0.25.1-1-g288607f5aa (webtiles) character file.

Game seed: 8045701732122533332

389 Kold the Insei (level 6, 0/38 HPs)
             Began as an Octopode Transmuter on July 24, 2020.
             Shot with a sling bullet by a hobgoblin (10 damage)
             ... on level 4 of the Dungeon.
             The game lasted 00:11:01 (6475 turns).

Kold the Insei (Octopode Transmuter)                Turns: 6475, Time: 00:11:01

Health: 0/38       AC:  1    Str:  9    XL:     6   Next: 79%
Magic:  0/9        EV: 13    Int: 18    God:
Gold:   114        SH:  0    Dex: 12    Spells: 3/9 levels left

rFire    . . .     SeeInvis .     - Unarmed
rCold    . . .     Gourm    .   (no shield)
rNeg     . . .     Faith    .   (helmet restricted)
rPois    .         Spirit   +   k - amulet of guardian spirit
rElec    .         Reflect  .   (no ring)
rCorr    .         Harm     .   (no ring)
MR       .....                  (no ring)
Stlth    +++.......             (no ring)
HPRegen  0.12/turn              (no ring)
MPRegen  0.11/turn              (no ring)
                                (no ring)
                                (no ring)

@: appendage (expiring)
A: almost no armour, stealthy swim, amphibious, 8 rings, constrict 8, tentacle
spike 3, camouflage 1, gelatinous body 1
a: End Transformation


You were on level 4 of the Dungeon.
You were hungry.
One of your tentacles had a temporary spike.
You visited 1 branch of the dungeon, and saw 4 of its levels.

You collected 153 gold pieces.
You spent 39 gold pieces at shops.

Inventory:

Hand Weapons
 o - a +4 hunting sling
Missiles
 a - 29 arrows
 p - 75 stones (quivered)
Jewellery
 k - an amulet of guardian spirit (around mantle)
Wands
 d - a wand of flame (9)
Scrolls
 b - a scroll of random uselessness {unknown}
 h - 4 scrolls of identify {unknown}
 i - a scroll of fear {unknown}
 m - a scroll of remove curse {unknown}
 q - 2 scrolls of teleportation {unknown}
Potions
 e - a potion of lignification
 f - a potion of stabbing {unknown}
 g - a potion of haste
 l - a potion of flight {unknown}
Comestibles
 c - 7 rations
 n - 9 chunks of flesh


   Skills:
 - Level 1.0 Fighting
 - Level 2.0 Dodging
 - Level 2.0 Stealth
 + Level 5.2 Unarmed Combat
 - Level 2.0 Spellcasting
 + Level 4.6 Transmutations
 + Level 2.6 Poison Magic


You had 3 spell levels left.
You knew the following spells:

 Your Spells              Type           Power        Failure   Level  Hunger
a - Beastly Appendage     Tmut           ###...       2%          1    #......
b - Sticks to Snakes      Tmut           ###.....     4%          2    ###....
c - Spider Form           Tmut/Pois      ##........   12%         3    ###....

Your spell library contained the following spells:

 Spells                   Type           Power        Failure   Level  Hunger
 Ice Form                 Ice/Tmut       ##......     56%         4    #####..
 Blade Hands              Tmut           ###.......   58%         5    ######.


Dungeon Overview and Level Annotations

Branches:
Dungeon (4/15)
 Temple: D:4-7

Altars:
Elyvilon
Makhleb
Trog
Zin

Shops:
D:4 *


Innate Abilities, Weirdness & Mutations

You cannot wear most types of armour.
You are very stealthy in the water. (Stealth+)
You are amphibious.
You can wear up to eight rings at the same time.
You can use your tentacles to constrict eight enemies at once.
Your skin changes colour to match your surroundings (Stealth+).
Your rubbery body absorbs attacks. (AC +1, EV +1)
One of your tentacles bears a large vicious spike.


Message History

The goblin shoots a stone.
The stone hits you.
Your ball python bites the hobgoblin.
Your ball python barely misses the hobgoblin.
The goblin shoots a stone.
The stone hits you.
Evoke which item? (* to show all) (? for menu, Esc to quit)
Aiming: Throw Flame
Press: ? - help, Shift-Dir - straight line, f/p - goblin
Aim: a goblin, wielding a +0 hunting sling and quivering 14 stones (severely wounded)
The puff of flame hits the goblin.
You kill the goblin!
The goblin shoots a stone.
The stone hits you.
* * * LOW HITPOINT WARNING * * *
The hobgoblin shoots a sling bullet.
The sling bullet barely misses your ball python.
The sling bullet hits you but does no damage.
You drop a chunk of flesh.
The goblin shoots a stone.
The stone barely misses your ball python.
The stone closely misses you.
The hobgoblin shoots a sling bullet.
The sling bullet hits you!
You die...

....#....#.......#...((## #.....
....#....#.......'.(.(.(###......
#####....#########).)..g(#....g..
...#......#.........)(.K.#(......
...'......'.........().g.(g......
.).#......#.......(.S..(.#gK.....
#####....#########.......#.......
....#....#.......'......###....g.
....#....#......@#.....## #.....
######''#########################
≈≈≈≈.....≈≈≈≈≈≈≈≈≈≈≈≈≈≈≈≈≈≈≈≈≈≈≈≈
≈)≈≈))....≈≈≈≈≈≈≈≈≈≈≈≈≈≈≈≈≈≈≈≈≈≈≈
)≈)≈..)..≈≈≈≈≈≈≈≈≈≈≈≈≈≈≈≈≈≈≈≈≈≈≈≈
≈≈.≈.....≈..≈≈≈≈≈≈..≈≈.≈≈≈≈.≈≈...
.)...............................
.................................
..........#....................#.


You could see a hobgoblin, a goblin, a kobold and a friendly ball python.

Vanquished Creatures
  A bullfrog (D:3)
  An orc priest (D:3)
  3 worker ants (D:4)
  Robin (D:2)
  2 gnolls (D:4)
  4 adders
  4 worms
  2 dart slugs (D:1)
  2 leopard geckos
  11 orcs (D:3)
  A ball python (D:2)
  3 bats
  6 giant cockroaches
  30 goblins
  27 hobgoblins
  2 jackals (D:1)
  A quokka (D:3)
  5 frilled lizards
  5 kobolds
  A leopard gecko skeleton (D:4)
  A quokka skeleton (D:4)
  7 rats
120 creatures vanquished.

Vanquished Creatures (collateral kills)
  2 hobgoblins (D:4)
2 creatures vanquished.

Grand Total: 122 creatures vanquished

Notes
Turn   | Place    | Note
-------+----------+-------------------------------------------
     0 | D:1      | Kold the Octopode Transmuter began the quest for the Orb.
     0 | D:1      | Reached XP level 1. HP: 13/13 MP: 3/3
   115 | D:1      | Reached skill level 1 in Stealth
   118 | D:1      | Reached XP level 2. HP: 7/18 MP: 3/5
   982 | D:1      | Reached XP level 3. HP: 17/23 MP: 4/6
  1655 | D:2      | Found a white marble altar of Elyvilon.
  1935 | D:2      | Reached XP level 4. HP: 27/28 MP: 7/7
  2128 | D:2      | Found a bloodstained altar of Trog.
  2128 | D:2      | Noticed Robin
  2140 | D:2      | Reached skill level 4 in Unarmed Combat
  2148 | D:2      | Killed Robin
  2571 | D:3      | Noticed a bullfrog
  2581 | D:3      | Killed a bullfrog
  2581 | D:3      | Reached XP level 5. HP: 16/33 MP: 6/8
  2586 | D:3      | Learned a level 2 spell: Sticks to Snakes
  2590 | D:3      | Learned a level 3 spell: Spider Form
  2935 | D:3      | Found a faded altar of an unknown god.
  3410 | D:3      | Found a burning altar of Makhleb.
  3576 | D:3      | Reached skill level 1 in Poison Magic
  3860 | D:3      | Reached XP level 6. HP: 38/38 MP: 7/9
  4049 | D:3      | Found a glowing silver altar of Zin.
  4410 | D:4      | Reached skill level 5 in Unarmed Combat
  4761 | D:4      | Found Zibig's General Store.
  4764 | D:4      | Bought a potion of curing for 39 gold pieces
  6475 | D:4      | Shot with a sling bullet by a hobgoblin

Illustrated notes

Levels and vault maps discovered:
D:1:      lemuel_arrival_rhombus, layout_loops_corners
D:2:      layout_basic, elyvilon_altar_3, lightli_temple_of_fire, uniq_robin
D:3:      layout_basic, zin_treasury, nicolae_overflow_hidden_temple,
          chequers_ecumenical_altar_simple_redux
D:4:      minmay_goblin_kobold_castle, layout_loops_ring, serial_shops,
          kennysheep_mini, first_ration, kennysheep_boxes

Skill      XL: |  1  2  3  4  5  6 |
---------------+-------------------+-----
Stealth        | 1 2 |  2.0
Transmutations | 3 4 |  4.6
Unarmed Combat | 4 5 |  5.2
Poison Magic   | 1 2 |  2.6
Fighting       | |  1.0
Dodging        | |  2.0
Spellcasting   | |  2.0

Action                   |  1- 3 |  4- 6 || total
-------------------------+-------+-------++-------
Melee: Unarmed           |    74 |   160 ||   234
       Kick              |    14 |    28 ||    42
       Constrict         |    19 |    39 ||    58
       Tentacles         |     6 |    24 ||    30
       Punch             |       |     7 ||     7
 Fire: Hunting sling     |       |    54 ||    54
Throw: Stone             |       |     2 ||     2
 Cast: Beastly Appendage |    15 |    20 ||    35
       Sticks to Snakes  |       |     3 ||     3
Evoke: Wand              |       |     2 ||     2
  Use: Potion            |       |     4 ||     4
       Scroll            |       |     2 ||     2
 Stab: Sleeping          |    12 |     4 ||    16
       Distracted        |       |     1 ||     1
  Eat: Chunk             |     3 |    11 ||    14
       Ration            |       |     1 ||     1
Armor: Skin              |     5 |    22 ||    27
Dodge: Dodged            |    32 |   112 ||   144
